 Dungeon Crawl Stone Soup version 0.30-a0-1074-g5db6f66fbb (webtiles) character file.

Game seed: 6106371149706264374

4733 retardedninja the Fighter (level 10, -1/86 HPs)
             Began as a Naga Fighter on Apr 13, 2023.
             Was a Follower of Hepliaklqana.
             Succumbed to Harold's poison
             ... on level 9 of the Dungeon.
             The game lasted 00:12:27 (9869 turns).

retardedninja the Fighter (Naga Fighter)            Turns: 9869, Time: 00:12:27

Health: -1/86      AC: 16    Str: 28 (30) XL:     10   Next: 46%
Magic:  10/10      EV:  5    Int:  7 (8)  God:    Hepliaklqana [*.....]
Gold:   414        SH: 10    Dex:  7 (10) Spells: 9/9 levels left

rFire   + + .      SeeInvis +    a - +2 war axe (flame)
rCold   + + .      Faith    .    c - +0 buckler
rNeg    . . .      Spirit   .    D - +2 plate armour
rPois   +          Reflect  +    z - +2 helmet
rElec   +          Rampage  .    b - scarf {rC+ rF+}
rCorr   +                        (no gloves)
Will    +....                    (no barding) Stlth
                                 l - amulet of reflection
HPRegen 0.34/turn                y - +6 ring of strength
MPRegen 0.12/turn                (no ring)

@: lethally poisoned (-1 -> -24), resistant, marked, very slow
A: reduced essence, AC +3, large, see invisible, deformed body, poison
resistance, slowness 2, spit poison 1, naga tail 1
a: Spit Poison, Renounce Religion, Recall Ancestor, Ancestor Identity


You were on level 9 of the Dungeon.
You worshipped Hepliaklqana.
Hepliaklqana was aware of your devotion.
You visited 2 branches of the dungeon, and saw 10 of its levels.
You also visited: Sewer and Bailey.

You collected 414 gold pieces.

Inventory:

Hand Weapons
 a - a +2 war axe of flaming (weapon)
Missiles
 w - a throwing net
Armour
 b - a scarf of resistance (worn)
 c - a +0 buckler (worn)
 z - a +2 helmet (worn)
 D - a +2 plate armour (worn)
Jewellery
 h - an amulet of reflection
 l - an amulet of reflection (around neck)
 o - an amulet of faith
 p - a ring of willpower
 y - a +6 ring of strength (left hand)
Wands
 F - a wand of polymorph (2)
Scrolls
 d - 2 scrolls of fear {unknown}
 f - 2 scrolls of identify
 g - a scroll of amnesia
 r - 3 scrolls of teleportation
 u - a scroll of magic mapping {unknown}
 v - a scroll of torment {unknown}
Potions
 e - 6 potions of magic
 m - a potion of degeneration
 n - a potion of attraction {unknown}
 s - a potion of flight
 t - a potion of mutation {unknown}
 x - a potion of brilliance
 B - a potion of ambrosia {unknown}
 H - a potion of lignification {unknown}


   Skills:
 + Level 8.1 Fighting
 + Level 7.8 Axes
 + Level 6.7 Armour
 + Level 7.4 Shields


You had 9 spell levels left.
You didn't know any spells.
Your spell library contained the following spells:

 Spells                   Type           Power      Damage    Failure   Level
 Summon Small Mammal      Summ           0%         N/A       99%         1
 Blink                    Tloc           0%         N/A       100%        2
 Lesser Beckoning         Tloc           0%         N/A       100%        2
 Momentum Strike          Conj/Tloc      0%         3d8       100%        2
 Call Canine Familiar     Summ           0%         N/A       100%        3
 Hailstorm                Conj/Ice       0%         3d3       100%        3
 Summon Guardian Golem    Hex/Summ       0%         N/A       100%        3
 Vhi's Electric Charge    Tloc/Air       0%         N/A       100%        3
 Ice Form                 Ice/Tmut       0%         N/A       100%        4
 Arcjolt                  Conj/Air       0%         1d10      100%        5
 Simulacrum               Ice/Necr       0%         N/A       100%        6
 Maxwell's Capacitive Co  Air            0%         ∞         100%        8


Dungeon Overview and Level Annotations

Branches:
Dungeon (9/15)             Temple (1/1) D:7           Sewer (visited)
 Bailey (visited)
   Lair: D:8-11         Orc: D:9-12

Altars:
Ashenzari
Cheibriados
Dithmenos
Elyvilon
Fedhas
Gozag
Hepliaklqana
Kikubaaqudgha
Makhleb
Okawaru
Qazlal
Ru
Sif Muna
Trog
Vehumet
Xom
Yredelemnul
Zin
The Shining One

Shops:
D:2 *   D:7 *

Annotations:
D:9 Harold


Innate Abilities, Weirdness & Mutations

Your life essence is reduced to manifest your ancestor. (-10% HP)
Your serpentine skin is tough. (AC +3)
You have supernaturally acute eyesight. (SInv)
Armour fits poorly on your strangely shaped body.
Your system is resistant to poisons. (rPois)
You cover ground very slowly.
You can spit poison.
You have a snake-like lower body.


Message History

You block Harold's attack.
Harold hits Senakhtenre with a +0 war axe of venom.
The shadow hits you.
* * * LOW HITPOINT WARNING * * *
Senakhtenre hits Harold!
Harold considers, "I think I'll use your bounty to get a fishing boat..."
Harold hits you with a +0 war axe of venom.
* * * LOW HITPOINT WARNING * * *
Harold hits Senakhtenre with a +0 war axe of venom!
Senakhtenre is destroyed!
You block the shadow's attack.
You feel much better.
You feel sick.
Harold hits you with a +0 war axe of venom!
* * * LOW HITPOINT WARNING * * *
You are more poisoned.
The shadow slips into darkness.
The shadow flickers and vanishes for a moment.
You hit Harold. You burn Harold.
Harold is severely wounded.
You hit the shadow. You burn the shadow.
You destroy the shadow!
You feel very sick.
Harold hits you with a +0 war axe of venom!
* * * LOW HITPOINT WARNING * * *
It was a potion of curing.
You feel better.
Harold hits you with a +0 war axe of venom.
* * * LOW HITPOINT WARNING * * *
You feel better.
Harold hits you with a +0 war axe of venom.
* * * LOW HITPOINT WARNING * * *
You are poisoned.
It was a potion of degeneration.
There was something very wrong with that liquid.
You feel weakened.
You feel dopey.
You feel clumsy.
You feel very sick.
Harold hits you with a +0 war axe of venom!
* * * LOW HITPOINT WARNING * * *
You are more poisoned.
It was a potion of resistance.
You feel protected.
You die...

..###......# ..#
#......# ..#
#......# ..#
#......# ..#
#......# # # ..#
#......# #. .#
..#
#......###.###.#
..#
#..............#
..#
#.###.......@@.#
..# #.#
#..........# ..#
#.# #..###.....#
..# #.# #..#
#.....# ..# #.#
#..# #.....# ..#
#.# #..# #.....#
>.# #. #..#
#.....# #..#
#.....#


You could see Harold.

Vanquished Creatures
  A hornet (D:8)
  Grinder (Sewer)
  A spriggan (Bailey)
  A shadow (D:9)
  6 yaks (D:8)
  2 steam dragons
  A water moccasin (D:5)
  An orc warrior (D:8)
  2 sky beasts
  A black bear (D:5)
  3 ice beasts
  4 ogres
  4 phantoms
  A kobold brigand (Sewer)
  2 bullfrogs (D:6)
  3 scorpions
  5 wights
  2 howler monkeys (D:8)
  3 quasits (D:7)
  A jelly (D:6)
  An orc priest (D:3)
  6 hounds
  Ijyb (D:4)
  2 iguanas
  4 orc wizards
  3 gnolls (D:7)
  6 adders
  3 shadow imps
  7 white imps
  5 ufetubi
  4 worms
  2 dart slugs
  19 orcs
  2 bats
  5 endoplasms
  20 giant cockroaches
  8 goblins
  9 hobgoblins
  3 quokkas
  6 ball pythons
  3 frilled lizards
  19 kobolds
  4 kobold zombies (Sewer)
  A rat (D:1)
188 creatures vanquished.

Vanquished Creatures (others)
  An ancestor (D:9)
  An orc wizard (D:8)
  An adder (D:5)
  A demonic plant (D:7)
4 creatures vanquished.

Grand Total: 192 creatures vanquished

Notes
Turn   | Place    | Note
-------+----------+-------------------------------------------
     0 | D:1      | retardedninja the Naga Fighter began the quest for the Orb.
     0 | D:1      | Reached XP level 1. HP: 21/21 MP: 1/1
   295 | D:1      | Reached XP level 2. HP: 28/28 MP: 2/2
   709 | D:1      | Found a sacrificial altar of Ru.
   766 | D:2      | Reached XP level 3. HP: 23/34 MP: 3/3
   950 | D:2      | HP: 1/34 [worm (2)]
  1174 | D:2      | Found Erphaona's General Store.
  1629 | D:3      | Reached XP level 4. HP: 23/42 MP: 4/4
  2187 | D:3      | Identified the +0 ring mail of Liag {Will+ Regen+ rCorr}
  2403 | D:3      | Reached XP level 5. HP: 32/50 MP: 5/5
  3168 | D:4      | Identified the +1 robe of the Many Shrikes {rCorr Dex-2
                  | Slay+2}
  3459 | D:4      | Noticed a phantom
  3476 | D:4      | Killed a phantom
  3477 | D:4      | Reached skill level 4 in Fighting
  3477 | D:4      | Reached XP level 6. HP: 45/57 MP: 6/6
  3606 | D:4      | Identified the +1 robe "Inaer" {rPois rC++ Int-2}
  3738 | D:4      | Noticed Ijyb
  3746 | D:4      | Killed Ijyb
  3973 | D:4      | Found a sacrificial altar of Ru.
  4085 | D:5      | Entered Level 5 of the Dungeon
  4363 | D:6      | Found a glowing drain.
  4372 | Sewer    | Entered a sewer
  4731 | Sewer    | Found an ancient bone altar of Kikubaaqudgha.
  4822 | Sewer    | Reached XP level 7. HP: 60/66 MP: 7/7
  4978 | Sewer    | Noticed Grinder
  4983 | Sewer    | Paralysed by Grinder for 3 turns
  4994 | Sewer    | Paralysed by Grinder for 4 turns
  5006 | Sewer    | Paralysed by Grinder for 4 turns
  5014 | Sewer    | Killed Grinder
  5015 | Sewer    | Reached skill level 5 in Fighting
  5395 | D:6      | Reached XP level 8. HP: 59/74 MP: 8/8
  5466 | D:6      | Reached skill level 5 in Shields
  5483 | D:6      | Reached skill level 5 in Axes
  6017 | D:5      | Reached skill level 6 in Fighting
  6017 | D:5      | Reached skill level 5 in Armour
  6053 | D:5      | Reached XP level 9. HP: 22/82 MP: 9/9
  6954 | D:6      | Identified the +5 trident "Cihemmoo" {chaos, rC+ Int+2}
  7173 | D:6      | Noticed a torpor snail
  7176 | D:6      | Found a snail-covered altar of Cheibriados.
  7176 | D:6      | Noticed a torpor snail
  7176 | D:6      | Noticed a torpor snail
  7285 | D:7      | Found a staircase to the Ecumenical Temple.
  7319 | Temple   | Entered the Ecumenical Temple
  7428 | Temple   | Became a worshipper of Hepliaklqana the Forgotten
  7889 | D:7      | Found Ycaca's Gadget Gallery.
  8086 | D:7      | Reached skill level 7 in Fighting
  8462 | D:8      | Noticed a hornet
  8465 | D:8      | Paralysed by a hornet for 2 turns
  8473 | D:8      | Killed a hornet
  8646 | D:8      | Found a flagged portal.
  8689 | Bailey   | Entered a bailey
  8703 | Bailey   | Reached XP level 10. HP: 62/94 MP: 10/10
  9451 | D:8      | Reached * piety under Hepliaklqana
  9616 | D:8      | Reached skill level 8 in Fighting
  9777 | D:8      | Found a shadowy altar of Dithmenos.
  9850 | D:9      | Noticed Harold
  9868 | D:9      | HP: 4/86 [Harold/+0 war axe of venom (7)]
  9869 | D:9      | Succumbed to Harold's poison

Illustrated notes

Levels and vault maps discovered:
D:1:      dpeg_arrival_water_altar, layout_basic
D:2:      layout_loops_ring, serial_shops, nicolae_shop_window_shopping,
          minmay_misc_feat_iff, kennysheep_crisscross, minmay_pentomino_s2
D:3:      minmay_roachtagon, layout_basic, corexii_leaking_fountain
D:4:      layout_loops_corners, nicolae_ru_awakened_eye, uniq_ijyb
D:5:      layout_basic, hangedman_minor_gate_pass
D:6:      kennysheep_spiral_hall, layout_basic, cheibriados_altar_2,
          cheibrodos_sewer_entry_drain
D:7:      layout_basic, minmay_temple_entry_stoned_glass, serial_demonic,
          serial_demonic_a, serial_demonic_c, serial_demonic_b,
          serial_demonic_e, serial_demonic_a, serial_demonic_a,
          serial_demonic_c, serial_demonic_f, serial_demonic_d,
          serial_demonic_c, nicolae_shop_gadgets
D:8:      layout_basic, grunt_dithmenos_shadows, enter_bailey_3
D:9:      layout_long_grid, kennysheep_generic_room_2, uniq_grum, uniq_harold
Temple:   nicolae_temple_superstar

Skill      XL: |  1  2  3  4  5  6  7  8  9 10 |
---------------+-------------------------------+-----
Shields        | 3 4 5 6 7 |  7.4
Armour         | 3 4 5 6 |  6.7
Axes           | 3 4 5 7 |  7.8
Fighting       | 4 5 6 7 8 |  8.1

Action                     |  1- 3 |  4- 6 |  7- 9 | 10-12 || total
---------------------------+-------+-------+-------+-------++-------
  Melee: War axe           |    95 |   154 |   333 |    61 ||   643
Ability: Spit Poison       |     1 |       |     1 |       ||     2
  Evoke: Wand              |       |       |     2 |       ||     2
    Use: Potion            |     1 |       |     6 |     8 ||    15
         Scroll            |       |       |    13 |       ||    13
 Armour: Scale mail        |    34 |    98 |    28 |       ||   160
         Plate armour      |       |       |   329 |    17 ||   346
  Dodge: Dodged            |    35 |    71 |   107 |     6 ||   219
  Block: Buckler           |    18 |   112 |   269 |    25 ||   424
         Reflection        |       |     3 |     7 |       ||    10

Table legend: (Time is in decaauts)
 A = Elapsed time spent in this place.
 B = Non-inter-level travel time spent in this place.
 C = Inter-level travel time spent in this place.
 D = Time resting spent in this place.
 E = Time spent auto-exploring this place.
 F = Levels seen in this place.
 G = Mean time per level.
                   A        B        C        D        E       F      G
               +--------+--------+--------+--------+--------+-----+--------+
         Total |  12185 |  11770 |    415 |   2569 |   7442 |  12 | 1015.4 |
       Dungeon |  10852 |  10476 |    376 |   2028 |   6983 |   9 | 1205.8 |
        Temple |    165 |    126 |     39 |      0 |    102 |   1 |  165.0 |
         Sewer |   1134 |   1134 |      0 |    541 |    354 |   1 | 1134.0 |
        Bailey |     32 |     32 |      0 |      0 |      2 |   1 |   32.0 |
               +--------+--------+--------+--------+--------+-----+--------+

Top non-repeatable levels by time:
     D:3: 1842 daAuts
     D:8: 1628 daAuts
     D:4: 1493 daAuts
     D:5: 1458 daAuts
     D:7: 1190 daAuts
     D:6: 1180 daAuts
   Sewer: 1134 daAuts
     D:1: 995 daAuts
     D:2: 987 daAuts
  Temple: 165 daAuts
     D:9: 74 daAuts
  Bailey: 32 daAuts
